 Dungeon Crawl Stone Soup version 0.26-a0-651-gb41185065b (webtiles) character file.

Game seed: 7016943717868211066

53 miket3c the Chiller (level 3, -10/26 HPs)
             Began as a Draconian Ice Elementalist on Oct 1, 2020.
             Mangled by Crazy Yiuf
             ... wielding a +2 quarterstaff of chaos
              (17 damage)
             ... on level 2 of the Dungeon.
             The game lasted 00:06:20 (1921 turns).

miket3c the Chiller (Draconian Ice Elementalist)    Turns: 1921, Time: 00:06:29

Health: -10/26     AC:  5    Str: 10    XL:     3   Next: 62%
Magic:  4/6        EV: 12    Int: 16    God:
Gold:   151        SH:  5    Dex: 11    Spells: 6/7 levels left

rFire    . . .     SeeInvis .   g - +1 dagger (venom)
rCold    . . .     Faith    .   (no shield)
rNeg     . . .     Spirit   .   (armour unavailable)
rPois    .         Reflect  +   (helmet restricted)
rElec    .         Harm     .   (no cloak)
rCorr    .         Rampage  .   (no gloves)
MR       .....                  (no boots)
Stlth    ++........             c - amulet of reflection
HPRegen  0.08/turn              (no ring)
MPRegen  0.10/turn              (no ring)

@: no status effects
A: unfitting armour, cold-blooded, AC +5
a: no special abilities


You were on level 2 of the Dungeon.
You visited 1 branch of the dungeon, and saw 2 of its levels.

You collected 151 gold pieces.

Inventory:

Hand Weapons
 f - a +0 dagger
 g - a +1 dagger of venom (weapon)
Jewellery
 c - an amulet of reflection (around neck)
 m - an uncursed ring of protection from magic {unknown}
Scrolls
 a - a scroll of fear {unknown}
 b - a scroll of teleportation {unknown}
 d - a scroll of enchant weapon {unknown}
 e - a scroll of fog {unknown}
 h - 2 scrolls of identify {unknown}
 i - a scroll of magic mapping {unknown}
 j - a scroll of remove curse {unknown}
Potions
 k - a potion of stabbing {unknown}
 l - 2 potions of mutation {unknown}


   Skills:
 + Level 0.1 Short Blades
 + Level 1.9 Dodging
 - Level 1.7 Stealth
 + Level 2.6 Spellcasting
 + Level 4.9 Ice Magic


You had 6 spell levels left.
You knew the following spells:

 Your Spells              Type           Power        Failure   Level
a - Freeze                Ice            ###.         2%          1

Your spell library contained the following spells:

 Spells                   Type           Power        Failure   Level
 Frozen Ramparts          Ice            ###...       8%          3
 Ozocubu's Armour         Ice            ###.....     8%          3
 Hailstorm                Conj/Ice       ##......     56%         4
 Summon Ice Beast         Ice/Summ       ##......     56%         4


Dungeon Overview and Level Annotations

Branches:
Dungeon (2/15)

Altars:

Annotations:
D:2 Crazy Yiuf


Innate Abilities, Weirdness & Mutations

Your plain brown scales are hard. (AC +5)
You cannot fit into any form of body armour.
You are cold-blooded and may be slowed by cold attacks.


Message History

Aim: Crazy Yiuf, wielding a +2 quarterstaff of chaos and wearing a +1 cloak of preservation You freeze Crazy Yiuf.
Crazy Yiuf is moderately wounded.
Crazy Yiuf cries, "Snoogle!"
Crazy Yiuf hits you with a +2 quarterstaff of chaos!
Casting: Freeze (safe; 2% risk of failure)
Confirm with . or Enter, or press ? or * to list all spells.
Aiming: Freeze (safe; 2% risk of failure)
Press: ? - help, Shift-Dir - straight line, f/p - Crazy Yiuf
Aim: Crazy Yiuf, wielding a +2 quarterstaff of chaos and wearing a +1 cloak of preservation (lightly wounded)
You freeze Crazy Yiuf.
Crazy Yiuf is moderately wounded.
Crazy Yiuf barely misses you.
You completely miss Crazy Yiuf.
Crazy Yiuf is moderately wounded.
Crazy Yiuf hits you with a +2 quarterstaff of chaos!
* * * LOW HITPOINT WARNING * * *
You are electrocuted!
Ouch! That really hurt!
You die...

....^............# #.#####
...#############.##########.#
...'.....................>#.#####
...##.###################.#......
...##.# #.#..#### '####.#
#.#...... .# #.# ### ♣♣##.###.###
.# #.# #)..#♣♣ ♣♣.+......... .#
#.# #...g@♣♣♣♣..........## .# #<#
#...#♣..♣.......)...# .# ### ###
♣♣♣.♣..+.......# .#
♣♣♣♣♣##......# .## #...#'##
..################# #.#.#.#
..'............'..## #.#.#.###
..########.....##..# #.#.#....
..# #.....###.## #.#.#####


You could see Crazy Yiuf.

Vanquished Creatures
  Jessica (D:2)
  An ooze (D:1)
  A worm (D:2)
  A giant cockroach (D:1)
  4 goblins
  4 hobgoblins (D:1)
  A quokka (D:2)
  2 bats
  2 frilled lizards
  4 rats (D:1)
21 creatures vanquished.

Notes
Turn   | Place    | Note
-------+----------+-------------------------------------------
     0 | D:1      | miket3c the Draconian Ice Elementalist began the quest for
                  | the Orb.
     0 | D:1      | Reached XP level 1. HP: 14/14 MP: 3/3
   292 | D:1      | Reached XP level 2. HP: 20/20 MP: 0/5
  1120 | D:2      | Noticed Jessica
  1129 | D:2      | Killed Jessica
  1129 | D:2      | Reached XP level 3. HP: 14/26 MP: 3/6
  1863 | D:2      | Found a runed translucent door.
  1864 | D:2      | Noticed Crazy Yiuf
  1921 | D:2      | Mangled by Crazy Yiuf

Illustrated notes

Levels and vault maps discovered:
D:1:      dpeg_arrival_refuge, layout_basic
D:2:      layout_basic, columned_hall_lemuel, uniq_crazy_yiuf_cottage,
          uniq_jessica

Action                   || total
-------------------------++-------
Melee: Dagger            ||    23
       Tailslap          ||     3
 Cast: Freeze            ||    30
Armor: Skin              ||    12
Dodge: Dodged            ||    24
Block: Other             ||     5

Table legend: (Time is in decaauts)
 A = Elapsed time spent in this place.
 B = Non-inter-level travel time spent in this place.
 C = Inter-level travel time spent in this place.
 D = Time resting spent in this place.
 E = Time spent auto-exploring this place.
 F = Levels seen in this place.
 G = Mean time per level.
                   A        B        C        D        E       F      G
               +--------+--------+--------+--------+--------+-----+--------+
         Total |   1919 |   1832 |     87 |    483 |   1133 |   2 |  959.5 |
       Dungeon |   1919 |   1832 |     87 |    483 |   1133 |   2 |  959.5 |
               +--------+--------+--------+--------+--------+-----+--------+

Top non-repeatable levels by time:
     D:1: 1060 daAuts
     D:2: 859 daAuts
